 Dungeon Crawl Stone Soup version 0.27-a0-550-ge92ec0ca06 (webtiles) character file.

Game seed: 165345966719484473

65 skittles the Ruffian (level 3, 0/28 HPs)
             Began as a Draconian Transmuter on Mar 8, 2021.
             Succumbed to an adder's poison
             ... on level 2 of the Dungeon.
             The game lasted 00:05:05 (1777 turns).

skittles the Ruffian (Draconian Transmuter)         Turns: 1777, Time: 00:05:05

Health: 0/28       AC:  2    Str: 12    XL:     3   Next: 92%
Magic:  2/6        EV: 19    Int: 20    God:
Gold:   67         SH:  0    Dex: 16    Spells: 0/6 levels left

rFire    . . .     SeeInvis .     - Unarmed
rCold    . . .     Faith    .   (shield currently unavailable)
rNeg     . . .     Spirit   .   (armour unavailable)
rPois    x         Reflect  .   (helmet currently unavailable)
rElec    .         Harm     .   (cloak currently unavailable)
rCorr    .         Rampage  .   (gloves currently unavailable)
Will     .....                  (boots currently unavailable)
Stlth    +.........             (no amulet)
HPRegen  0.09/turn              b - +6 ring of intelligence
MPRegen  0.10/turn              (no ring)

@: lethally poisoned (0 -> -2), spider-form, berserk cooldown
A: tiny, unfitting armour, AC +5
a: End Transformation


You were on level 2 of the Dungeon.
You were a venomous arachnid creature.
You visited 1 branch of the dungeon, and saw 2 of its levels.

You collected 67 gold pieces.

Inventory:

Armour
 g - a +0 pair of gloves (melded)
Jewellery
 b - a +6 ring of intelligence (left front leg)
 c - a ring of protection from fire
 j - a ring of ice
Wands
 i - a wand of iceblast (7)
Scrolls
 a - 3 scrolls of identify
 d - a scroll of magic mapping


   Skills:
 - Level 1.2 Fighting
 + Level 1.9 Dodging
 * Level 4.2 Unarmed Combat
 - Level 2.0 Spellcasting
 - Level 2.5 Transmutations
 * Level 1.0 Poison Magic


You couldn't memorise any spells.
You knew the following spells:

 Your Spells              Type           Power      Damage    Failure   Level
a - Beastly Appendage     Tmut           24%        N/A       16%         1
b - Wereblood             Tmut           12%        N/A       22%         2
c - Spider Form           Tmut/Pois      4%         N/A       43%         3

Your spell library contained the following spells:

 Spells                   Type           Power      Damage    Failure   Level
 Ice Form                 Ice/Tmut       7%         N/A       85%         4
 Blade Hands              Tmut           6%         N/A       94%         5


Dungeon Overview and Level Annotations

Branches:
Dungeon (2/15)

Altars:


Innate Abilities, Weirdness & Mutations

((Your plain brown scales are hard. (AC +5)))
You cannot fit into any form of body armour.
((You are cold-blooded and may be slowed by cold attacks.))


Message History

It was a potion of cancellation.
Your magical effects are unravelling.
You feel magically purged.
Your magical contamination has completely faded away.
Your horns disappear.
Your talons disappear.
You feel yourself speed up.
You flicker back into view.
* * * LOW HITPOINT WARNING * * *
You feel sick.
Unknown command.
You aren't carrying any potions.
Unknown command.
As you read the scroll of magic mapping, it crumbles to dust.
You feel momentarily disoriented.
* * * LOW HITPOINT WARNING * * *
You feel sick.
* * * LOW HITPOINT WARNING * * *
You feel sick.
* * * LOW HITPOINT WARNING * * *
You feel sick.
You see here 3 scrolls of identify.
a - 3 scrolls of identify
* * * LOW HITPOINT WARNING * * *
You feel sick.
Casting: Beastly Appendage (safe; 5% risk of failure)
Confirm with . or Enter, or press ? or * to list all spells.
You grow a pair of large bovine horns.
Your feet morph into talons.
Casting: Beastly Appendage (safe; 5% risk of failure)
Confirm with . or Enter, or press ? or * to list all spells.
You don't know that spell.
Casting: Beastly Appendage (safe; 5% risk of failure)
Confirm with . or Enter, or press ? or * to list all spells.
The spell is quite dangerous to cast (22% risk of failure)!
Continue anyway?
Uppercase [Y]es or [N]o only, please.
The spell is quite dangerous to cast (22% risk of failure)!
Continue anyway?
Your horns disappear.
Your talons disappear.
You turn into a venomous arachnid creature.
Your +0 pair of gloves melds into your body.
* * * LOW HITPOINT WARNING * * *
You feel sick.
You die...

**#######.# #..##.# #.#
*,......#.# #..##.###.#
*,......#.# #..##......
*,......#.######..##..##.#
*,................##..##.#
*,........######..........
*,........######..##..##..
*,.....................†..
**###....s..).....##..##.#
#.............##..##.#
#.......####..##..#...
##......# #..##..#..# #......#
#..##...... #.....##
#..........
*********#.##+######..#...##..
*,,,,,,,......................
*******############..##.......


There were no monsters in sight!

Vanquished Creatures
  3 adders (D:2)
  An ooze (D:1)
  A worm (D:2)
  A ball python (D:1)
  3 giant cockroaches
  4 goblins
  5 hobgoblins
  3 bats
  A frilled lizard (D:1)
  5 kobolds (D:1)
  4 rats
31 creatures vanquished.

Notes
Turn   | Place    | Note
-------+----------+-------------------------------------------
     0 | D:1      | skittles the Draconian Transmuter began the quest for the
                  | Orb.
     0 | D:1      | Reached XP level 1. HP: 16/16 MP: 3/3
   250 | D:1      | Reached XP level 2. HP: 17/23 MP: 3/5
   327 | D:1      | Learned a level 2 spell: Wereblood
  1317 | D:2      | Reached skill level 4 in Unarmed Combat
  1317 | D:2      | Reached XP level 3. HP: 19/28 MP: 4/6
  1489 | D:2      | Learned a level 3 spell: Spider Form
  1755 | D:2      | Reached skill level 1 in Poison Magic
  1773 | D:2      | HP: 1/28 [poisoned by an adder]
  1777 | D:2      | Succumbed to an adder's poison

Illustrated notes

Levels and vault maps discovered:
D:1:      dpeg_arrival_simpleton_c, layout_loops_ring,
          kennysheep_decorative_pillar, kennysheep_doodads
D:2:      layout_basic

Skill      XL: |  1  2  3 |
---------------+----------+-----
Unarmed Combat | 4 |  4.2
Poison Magic   | 1 |  1.0
Fighting       | |  1.2
Dodging        | |  1.9
Spellcasting   | |  2.0
Transmutations | |  2.5

Action                   || total
-------------------------++-------
Melee: Unarmed           ||    88
       Tailslap          ||     9
       Kick              ||    12
       Headbutt          ||     9
       Punch             ||     1
 Cast: Beastly Appendage ||    20
       Wereblood         ||     1
       Spider Form       ||     1
  Use: Scroll            ||     4
       Potion            ||     3
Armor: Skin              ||    35
Dodge: Dodged            ||    51

Table legend: (Time is in decaauts)
 A = Elapsed time spent in this place.
 B = Non-inter-level travel time spent in this place.
 C = Inter-level travel time spent in this place.
 D = Time resting spent in this place.
 E = Time spent auto-exploring this place.
 F = Levels seen in this place.
 G = Mean time per level.
                   A        B        C        D        E       F      G
               +--------+--------+--------+--------+--------+-----+--------+
         Total |   1768 |   1732 |     36 |    436 |    977 |   2 |  884.0 |
       Dungeon |   1768 |   1732 |     36 |    436 |    977 |   2 |  884.0 |
               +--------+--------+--------+--------+--------+-----+--------+

Top non-repeatable levels by time:
     D:1: 1246 daAuts
     D:2: 522 daAuts
